 Dungeon Crawl Stone Soup version 0.22.1 (webtiles) character file.

1191 MalarOregon the Cleaver (level 8, 0/71 HPs)
             Began as a Hill Orc Fire Elementalist on Sept 17, 2018.
             Was a Follower of Yredelemnul.
             Slain by a river rat (5 damage)
             ... summoned by Eustachio
             ... on level 5 of the Dungeon.
             The game lasted 00:14:57 (5423 turns).

MalarOregon the Cleaver (HOFE)                      Turns: 5423, Time: 00:14:57

Health: 0/71       AC:  4    Str: 11      XL:     8   Next: 43%
Magic:  1/10       EV: 13    Int: 17      God:    Yredelemnul [*.....]
Gold:   120        SH:  4    Dex:  8 (11) Spells: 4/10 levels left

rFire    + . .     SeeInvis .   h - +0 hand axe
rCold    + . .     Gourm    .   u - +0 buckler
rNeg     . . .     Faith    .   n - +2 robe {rC+ rF+}
rPois    .         Spirit   .   (no helmet)
rElec    .         Reflect  .   (no cloak)
rCorr    .         Harm     .   (no gloves)
MR       .....                  (no boots)
Stlth    ++........             (no amulet)
HPRegen  0.21/turn              i - ring of stealth
MPRegen  0.12/turn              (no ring)

@: no status effects
A: no striking features
a: Animate Remains, Renounce Religion


You were on level 5 of the Dungeon.
You worshipped Yredelemnul.
Yredelemnul was aware of your devotion.
You were hungry.

You visited 1 branch of the dungeon, and saw 5 of its levels.

You collected 120 gold pieces.

Inventory:

Hand Weapons
 b - a +0 spear
   (You found it on level 1 of the Dungeon)
 h - a +0 hand axe (weapon)
   (You found it on level 1 of the Dungeon)
 s - a +1 vampiric whip
   (You found it on level 4 of the Dungeon)
Armour
 n - a +2 robe of resistance (worn)
   (You took it off Jessica on level 2 of the Dungeon)
 r - a cursed +0 leather armour
   (You found it on level 3 of the Dungeon)
 u - a +0 buckler (worn)
   (You found it on level 4 of the Dungeon)
Jewellery
 i - a ring of stealth (left hand)
   (You found it on level 2 of the Dungeon)
Wands
 d - a wand of iceblast (7)
   (You took it off an orc on level 4 of the Dungeon)
Scrolls
 k - 10 scrolls of identify {unknown}
 o - 3 scrolls of teleportation {@r4}
 v - a scroll of random uselessness {unknown}
 y - a scroll of fog
Potions
 a - a potion of flight {unknown}
 c - a potion of heal wounds {unknown}
 f - a potion of berserk rage {unknown}
 g - a potion of might {unknown}
 l - a potion of lignification {unknown}
 m - 2 potions of brilliance
 q - a potion of degeneration {unknown}
 t - a potion of invisibility {unknown}
 w - a potion of magic {unknown}
 x - a potion of resistance {unknown}
 z - a potion of mutation {unknown}
Comestibles
 e - 10 rations {!d}


   Skills:
 + Level 6.3 Fighting
 + Level 9.3 Axes
 + Level 2.7 Armour
 + Level 4.7 Dodging
 - Level 1.5 Stealth
 + Level 5.1 Shields
 - Level 1.5 Spellcasting
 + Level 5.4 Conjurations
 + Level 6.9 Fire Magic
 + Level 2.6 Invocations


You had 4 spell levels left.
You knew the following spells:

 Your Spells              Type           Power        Failure   Level  Hunger
a - Throw Flame           Conj/Fire      ###...       2%          2    ###....
q - Sticky Flame          Conj/Fire      ###.....     16%         4    #####..

Your spell library contained the following spells:

 Spells                   Type           Power        Failure   Level  Hunger
 Flame Tongue             Conj/Fire      ###..        1%          1    ##.....
 Conjure Flame            Conj/Fire      ###.....     4%          3    ####...
 Inner Flame              Hex/Fire       ##......     14%         3    ####...
 Fireball                 Conj/Fire      ###.......   41%         5    ######.


Dungeon Overview and Level Annotations

Branches:
Dungeon (5/15)
 Temple: D:4-7

Altars:
Ashenzari
Elyvilon
Makhleb
Nemelex Xobeh
Ru
Wu Jian
Yredelemnul
Zin
The Shining One

Annotations:
D:5 Eustachio


Message History

The crimson imp barely misses you. The bat hits you but does no damage.
The bat hits you.
* * * LOW HITPOINT WARNING * * *
The bat closely misses you. The bat misses you. The bat barely misses you.
The crimson imp blinks!
The crimson imp hits you.
* * * LOW HITPOINT WARNING * * *
The bat barely misses you. The bat closely misses you.
The crimson imp disappears in a puff of smoke!
The bat closely misses you.
The river rat twitches its whiskers.
There is an escape hatch in the ceiling here.
You closely miss the bat. The bat misses you.
The bat hits you but does no damage.
You closely miss the bat. The bat hits you.
* * * LOW HITPOINT WARNING * * *
The bat misses you. The bat hits you.
* * * LOW HITPOINT WARNING * * *
The bat hits you.
* * * LOW HITPOINT WARNING * * *
The river rat barely misses you. The bat closely misses you.
There is an escape hatch in the ceiling here.
Aim: Eustachio, wielding a rapier and wearing a leather armour (severely The puff of flame hits the white imp.
The white imp is burned terribly!
You kill the white imp!
The bat closely misses you.
Eustachio screams, "This atrocity can only be purified with blood!"
Eustachio casts a spell.
Eustachio blinks!
You block the river rat's attack. The bat hits you but does no damage.
Aim: Eustachio, wielding a rapier and wearing a leather armour (severely The puff of flame hits Eustachio.
You block the bat's attack.
Eustachio gestures wildly while chanting.
Eustachio blinks!
The river rat bites you.
* * * LOW HITPOINT WARNING * * *
You don't have enough magic to cast that spell.
The bat hits you but does no damage. Eustachio hits you with a rapier.
* * * LOW HITPOINT WARNING * * *
The river rat bites you.
* * * LOW HITPOINT WARNING * * *
The bat closely misses you.
You hit Eustachio. You closely miss the bat. You barely miss the river rat.
The bat closely misses you. Eustachio hits you with a rapier!
* * * LOW HITPOINT WARNING * * *
The river rat twitches its whiskers.
The river rat bites you.
You die...
Your body rises from the dead as a mindless zombie.

.............## #######.....#
....§##.......####...<..........#
....#########......########..<..#
........#####..##### ##.....#
..#####....r...###### ##......#
...........#........# ##.......#
...§§..###.#........# #..#######
......## #.#.....<..# #.##
..#.### #.....@@rb.####.# #...##
###........##...# ##5..#
####.........(.###
#.#.###............####
#.......###........#
###.....>...######## ##[........
### ###......### #.#
....#....#### #.#


You could see Eustachio, 2 river rats and a bat.

Vanquished Creatures
  A black bear (D:4)
  A centaur (D:5)
  Blork the orc (D:5)
  A howler monkey (D:4)
  A crimson imp (D:5)
  A bullfrog zombie (D:5)
  2 hounds
  A bullfrog skeleton (D:5)
  3 orc wizards (D:4)
  Jessica (D:2)
  3 iguanas
  3 worker ants
  The ghost of dscm the Magician, a weakling FeWn (D:3)
  4 adders
  A shadow imp (D:5)
  A worm (D:5)
  3 dart slugs
  2 leopard geckos
  6 orcs (D:4)
  A giant cockroach (D:2)
  10 goblins
  4 hobgoblins
  3 quokkas
  3 bats
  6 frilled lizards
  A giant cockroach zombie (D:5)
  2 gnoll zombies (D:2)
  A kobold (D:1)
  A leopard gecko skeleton (D:4)
  A quokka zombie (D:5)
  2 rats
72 creatures vanquished.

Notes
Turn   | Place    | Note
-------+----------+-------------------------------------------
     0 | D:1      | MalarOregon the Hill Orc Fire Elementalist began the quest
                  | for the Orb.
     0 | D:1      | Reached XP level 1. HP: 14/14 MP: 3/3
   313 | D:1      | Reached XP level 2. HP: 22/22 MP: 4/4
   633 | D:2      | Reached skill level 1 in Fighting
   633 | D:2      | Reached skill level 1 in Armour
   664 | D:2      | Reached XP level 3. HP: 24/28 MP: 5/5
   742 | D:2      | Found a glowing silver altar of Zin.
   821 | D:2      | Noticed Jessica
  1337 | D:2      | Reached skill level 1 in Axes
  1650 | D:2      | Found a shattered altar of Ashenzari.
  1710 | D:2      | Found a white marble altar of Elyvilon.
  1845 | D:2      | Reached XP level 4. HP: 31/35 MP: 3/6
  1867 | D:2      | Killed Jessica
  1878 | D:2      | Found a basalt altar of Yredelemnul.
  1887 | D:2      | Became a worshipper of Yredelemnul the Dark
  2406 | D:3      | Found a large runed door.
  2643 | D:3      | Noticed dscm's ghost (weakling FeWn)
  2644 | D:3      | Found a large runed door.
  2802 | D:3      | Killed dscm's ghost
  3046 | D:4      | Reached XP level 5. HP: 10/41 MP: 0/7
  3273 | D:4      | Noticed a black bear
  3333 | D:4      | Killed a black bear
  3333 | D:4      | Reached skill level 2 in Axes
  3333 | D:4      | Reached skill level 1 in Invocations
  3333 | D:4      | Reached XP level 6. HP: 35/50 MP: 1/8
  3768 | D:4      | Learned a level 2 spell: Throw Flame
  3776 | D:4      | Learned a level 4 spell: Sticky Flame
  3883 | D:4      | Found a sacrificial altar of Ru.
  3957 | D:4      | Found a sparkling altar of Nemelex Xobeh.
  4212 | D:4      | Reached skill level 9 in Axes
  4212 | D:4      | Reached skill level 5 in Shields
  4212 | D:4      | Reached skill level 5 in Conjurations
  4212 | D:4      | Reached XP level 7. HP: 17/63 MP: 9/9
  4224 | D:4      | Reached XP level 8. HP: 11/70 MP: 10/10
  4511 | D:4      | Found a burning altar of Makhleb.
  4681 | D:5      | Entered Level 5 of the Dungeon
  4689 | D:5      | Found an ornate altar of the Wu Jian Council.
  4695 | D:5      | Found a glowing golden altar of the Shining One.
  4781 | D:5      | Noticed Eustachio
  5108 | D:5      | Noticed Blork the orc
  5124 | D:5      | Killed Blork the orc
  5257 | D:5      | Reached * piety under Yredelemnul
  5423 | D:5      | Slain by a river rat

Skill      XL: |  1  2  3  4  5  6 |
---------------+-------------------+-----
Fighting       | 1 2 6 |  6.3
Armour         | 1 2 |  2.7
Axes           | 1 2 9 |  9.3
Dodging        | 2 4 |  4.7
Conjurations   | 2 5 |  5.4
Fire Magic     | 4 6 |  6.9
Invocations    | 1 2 |  2.6
Shields        | 5 |  5.1
Stealth        | |  1.5
Spellcasting   | |  1.5

Action                   |  1- 3 |  4- 6 |  7- 9 || total
-------------------------+-------+-------+-------++-------
Melee: Spear             |    18 |       |       ||    18
       Hand axe          |    49 |    97 |    99 ||   245
 Cast: Flame Tongue      |    30 |    33 |       ||    63
       Throw Flame       |       |    10 |    34 ||    44
  Use: Potion            |       |     2 |       ||     2
       Scroll            |       |     3 |     1 ||     4
 Stab: Sleeping          |     2 |     6 |       ||     8
       Distracted        |     1 |       |       ||     1
  Eat: Chunk             |     4 |     5 |     6 ||    15
       Ration            |       |     1 |       ||     1
Armor: Robe              |     1 |    32 |    61 ||    94
       Chain mail        |    18 |       |       ||    18
       Leather armour    |     5 |     5 |       ||    10
Dodge: Dodged            |    30 |    94 |   135 ||   259
Block: Buckler           |       |     6 |    41 ||    47
